 Dungeon Crawl Stone Soup version 0.19-a0-664-g51fd293 (webtiles) character file.

94 stigmas the Grave Robber (level 4, -2/32 HPs)
             Began as a Demonspawn Necromancer on June 16, 2016.
             Slain by a hobgoblin
             ... wielding a +0 scythe
              (9 damage)
             ... on level 3 of the Dungeon.
             The game lasted 00:06:26 (3134 turns).

stigmas the Grave Robber (Demonspawn Necromancer)   Turns: 3134, Time: 00:06:26

Health: -2/32      AC: 11    Str:  9    XL:     4   Next: 38%
Magic:  1/8        EV: 10    Int: 16    God:
Gold:   82         SH:  0    Dex: 14    Spells: 3 memorised, 1 level left

rFire  . . .     SeeInvis .     s - +0 battleaxe
rCold  . . .     Gourm    .     o - +0 ring mail
rNeg   . . .     Faith    .     (shield currently unavailable)
rPois  +         Spirit   .     (no helmet)
rElec  .         Dismiss  .     g - +1 cloak
rCorr  .         Reflect  .     (no gloves)
SustAt .         Harm     .     (no boots)
MR     .....                    (no amulet)
Stlth  ++........               (no ring)
                                n - ring of poison resistance

@: not resistant to hostile enchantments, unstealthy
A: iridescent scales 1, nightstalker 1
a: no special abilities


You were on level 3 of the Dungeon.
You were not hungry.

You visited 1 branch of the dungeon, and saw 3 of its levels.

You collected 82 gold pieces.

Inventory:

Hand Weapons
 d - a +0 whip
 l - a +0 hand axe
 s - a +0 battleaxe (weapon)
Armour
 a - a +0 robe
 g - a +1 cloak (worn)
 o - a +0 ring mail (worn)
Jewellery
 e - an uncursed ring of wizardry {unknown}
 n - a ring of poison resistance (left hand)
Scrolls
 f - 2 scrolls of teleportation
 i - a scroll of amnesia
 p - 2 scrolls of identify
 t - 2 scrolls of noise
 w - a scroll of enchant armour
Potions
 h - a potion of might {unknown}
 j - 2 potions of curing {unknown}
 k - a potion of magic
 m - a potion of cancellation
 q - a potion of lignification
 r - a potion of haste {unknown}
 u - a potion of berserk rage {unknown}
Books
 b - a book of Necromancy

   Spells                             Type                      Level
   a - Pain                           Necromancy                   1
   b - Animate Skeleton               Necromancy                   1
   c - Vampiric Draining              Necromancy                   3
   d - Regeneration                   Charms/Necromancy            3
   e - Animate Dead                   Necromancy                   4
   f - Control Undead                 Necromancy                   4
Comestibles
 c - 3 bread rations


   Skills:
 * Level 1.3 Fighting
 * Level 1.0 Axes
 - Level 0.1(0.5) Maces & Flails
 + Level 0.8 Armour
 + Level 2.1 Dodging
 - Level 1.7 Stealth
 * Level 2.6 Spellcasting
 * Level 5.0 Necromancy


You had one spell level left.
You knew the following spells:

 Your Spells              Type           Power        Failure   Level  Hunger
a - Pain                  Necr           ###.         10%         1    #......
b - Regeneration          Chrm/Necr      ##........   65%         3    ###....
c - Vampiric Draining     Necr           ###.......   21%         3    ###....


Dungeon Overview and Level Annotations

Branches:
Dungeon (3/15)

Altars:

Annotations:
D:2 Sigmund


Innate Abilities, Weirdness & Mutations

You are partially covered in iridescent scales. (AC +4)
You are slightly more attuned to the shadows.


Message History

The hobgoblin hits you from afar with a scythe!
The giant newt barely misses you.
You miss the giant newt. The hobgoblin barely misses you.
The giant newt bites you.
* * * LOW HITPOINT WARNING * * *
You closely miss the giant newt. The giant newt closely misses you.
The hobgoblin misses you. The giant newt bites you.
* * * LOW HITPOINT WARNING * * *
Things that are here:
2 tomahawks; a javelin
Casting: Vampiric Draining
Confirm with . or Enter, or press ? or * to list all spells.
Aiming: Vampiric Draining
Press: ? - help, Shift-Dir - straight line, f - giant newt
Aim: a giant newt You kill the giant newt!
Your Axes skill increases to level 1!
You feel life coursing into your body.
The hobgoblin hits you from afar with a scythe!
You die...

#####
#(######....
...(#
#........#####
###.# ##.# #....
# #.# ######.##
#..... # #.#
#.)..÷## ......
# #.#
#.####.###......
###.#####.#
##.(gg...♣
##.>......#
##)#....♣
......#####
#@#...)♣ ##..#.#
#.#....♣ .#..#.#
#.##...♣
.#..#.### #.#
..... .)......#
... #....
##..#.#.# .###.
#..#.#.# .. .#
#.÷....# ## #
##..÷.#####.


You could see a hobgoblin.

Vanquished Creatures
  2 adders (D:2)
  A worm (D:3)
  5 giant geckos
  4 orcs (D:3)
  3 bats
  5 giant cockroaches
  7 hobgoblins
  2 jackals (D:3)
  6 kobolds
  A quokka (D:2)
  A ball python (D:3)
  8 giant newts
  7 goblins
  11 rats
63 creatures vanquished.

Notes
Turn   | Place    | Note
--------------------------------------------------------------
     0 | D:1      | stigmas the Demonspawn Necromancer began the quest for the Orb.
     0 | D:1      | Reached XP level 1. HP: 13/13 MP: 3/3
   466 | D:1      | Gained mutation: You are partially covered in iridescent scales. (AC +4) [demonic ancestry]
   466 | D:1      | Reached XP level 2. HP: 15/20 MP: 1/5
  1450 | D:2      | Reached skill level 5 in Necromancy
  1450 | D:2      | Gained mutation: You are slightly more attuned to the shadows. [demonic ancestry]
  1450 | D:2      | Reached XP level 3. HP: 20/25 MP: 3/6
  1672 | D:2      | Noticed Sigmund
  1684 | D:2      | Learned a level 3 spell: Regeneration
  1795 | D:2      | Reached skill level 1 in Fighting
  2656 | D:3      | Reached XP level 4. HP: 32/32 MP: 7/7
  3024 | D:3      | Learned a level 3 spell: Vampiric Draining
  3134 | D:3      | Reached skill level 1 in Axes
  3134 | D:3      | Slain by a hobgoblin

Vault maps used:
D:1:      dpeg_arrival_round_b
D:2:      uniq_sigmund
D:3:      kennysheep_potato

Skill      XL: |  1  2  3  4 |
---------------+-------------+-----
Dodging        | 2 |  2.1
Necromancy     | 5 |  5.0
Fighting       | 1 |  1.3
Axes           | 1 |  1.0
Maces & Flails | |  0.1
Armour         | |  0.8
Stealth        | |  1.7
Spellcasting   | |  2.6

Action                   |  1- 3 |  4- 6 || total
-------------------------+-------+-------++-------
Melee: Whip              |    40 |       ||    40
       Hand axe          |    47 |       ||    47
       Battleaxe         |    95 |    93 ||   188
 Cast: Pain              |    10 |     1 ||    11
       Vampiric Draining |       |     3 ||     3
  Use: Scroll            |     8 |     3 ||    11
 Stab: Sleeping          |     4 |       ||     4
  Eat: Chunk             |     4 |     4 ||     8
Armor: Robe              |    21 |       ||    21
       Ring mail         |    83 |   101 ||   184
Dodge: Dodged            |   128 |   104 ||   232
